AoeStats
← rauni11

African Clearing

510712628Analyzed
4v4 RM · 15h ago on Oct 2, 2026· 52m 49s· 8 players
Game mode
Random Map
Map size
Large (8 player)
Population
200
Speed
Normal
Resources
Standard
Victory
Conquest
Starting age
Dark Age
Ending age
Imperial Age
RankedLock teamsTeams togetherTeam positionsShared explorationLock speedFull tech treeHidden civsTurbo modeCheats
Victory
Defeat
🇪🇸 Varangians · Spain
888
+15
🇦🇹 Celts · Austria
868
+16
🇺🇸 Bohemians · United States
845
+17
🇫🇷 Gurjaras · France
834
+17
🇨🇳 Franks · China
890
-17
🇺🇸 Varangians · United States
866
-16
🇨🇳 Goths · China
863
-16
🇲🇽 Italians · Mexico
846
-16
gaaraofbenton10
3:19 Loom
13:11 Feudal Age
14:59 Double-Bit Axe
17:31 Wheelbarrow
26:17 Castle Age
24:24 Scale Barding Armor
24:30 Forging
25:19 Bloodlines
26:41 Horse Collar
27:48 Hand Cart
27:46 Bow Saw
28:21 Chain Barding Armor
28:37 Iron Casting
31:35 Gold Mining
31:36 Stone Mining
38:29 Imperial Age
35:26 Light Cavalry
36:07 Husbandry
39:28 Elite Jarl
40:28 Conscription
40:57 Cavalier
41:42 Hussar
43:21 Plate Barding Armor
43:47 Blast Furnace
iDaniielo :v
3:40 Loom
14:53 Feudal Age
16:10 Wheelbarrow
15:55 Double-Bit Axe
15:55 Horse Collar
28:23 Castle Age
FishKid
3:22 Loom
14:18 Feudal Age
15:25 Double-Bit Axe
18:11 Castle Age
17:32 Horse Collar
22:36 Wheelbarrow
23:15 Heavy Plow
27:18 Hand Cart
26:44 Pikeman
31:01 Squires
35:20 Imperial Age
34:14 Scale Mail Armor
34:16 Anarchy
36:43 Perfusion
39:22 Chain Mail Armor
39:18 Forging
39:03 Halberdier
40:16 Conscription
39:48 Fletching
40:10 Bow Saw
47:56 Padded Archer Armor
48:10 Bodkin Arrow
937402928
9:14 Loom
15:30 Feudal Age
16:51 Double-Bit Axe
23:51 Castle Age
24:32 Stone Mining
24:35 Gold Mining
33:15 Fortified Wall
36:02 Bow Saw
38:23 Imperial Age
36:32 Wheelbarrow
35:43 Town Watch
38:44 Hand Cart
39:18 Ballistics
40:10 Chemistry
39:16 Siege Engineers
40:05 Conscription
41:04 Elite Throwing Axeman
43:11 Treadmill Crane
43:27 Murder Holes
43:26 Arrowslits
43:56 Masonry
45:34 Gold Shaft Mining
47:51 Padded Archer Armor
47:42 Fletching
48:02 Forging
51:03 Bodkin Arrow
51:23 Leather Archer Armor
n2844522
7:31 Loom
15:16 Feudal Age
21:58 Castle Age
20:07 Double-Bit Axe
20:34 Forging
20:47 Scale Barding Armor
27:53 Iron Casting
30:26 Chain Barding Armor
33:00 Fletching
37:00 Bow Saw
37:00 Padded Archer Armor
39:09 Bodkin Arrow
40:30 Leather Archer Armor
40:42 Ballistics
42:28 Chemistry
47:34 Wheelbarrow
47:17 Wagenburg Tactics
51:08 Imperial Age
48:55 Hand Cart
51:09 Town Watch
52:32 Ring Archer Armor
51:36 Capped Ram
53:35 Conscription
52:57 Horse Collar
darkjafar87
11:04 Loom
17:15 Feudal Age
17:56 Double-Bit Axe
21:08 Gold Mining
21:09 Stone Mining
21:02 Horse Collar
22:51 Wheelbarrow
22:13 Town Watch
25:57 Bloodlines
27:33 Fishing Lines
31:12 Castle Age
32:00 Gillnets
32:48 Caravan
32:52 Heavy Plow
38:49 Imperial Age
36:44 Hand Cart
36:44 Bow Saw
38:03 Coinage
39:05 Kshatriyas
39:13 Scale Barding Armor
39:43 Forging
40:23 Husbandry
40:38 Heavy Camel Rider
41:44 Chain Barding Armor
42:41 Conscription
43:34 Plate Barding Armor
43:35 Iron Casting
43:10 Town Patrol
48:22 Banking
Josmalaga3
16:41 Feudal Age
17:19 Man-at-Arms
17:45 Arson
18:08 Horse Collar
18:33 Gold Mining
20:13 Bloodlines
20:16 Loom
21:01 Scale Barding Armor
20:57 Scale Mail Armor
22:48 Double-Bit Axe
24:20 Forging
24:50 Stone Mining
29:40 Castle Age
29:54 Padded Archer Armor
29:45 Fletching
30:40 Husbandry
30:54 Crossbowman
33:16 Bow Saw
33:55 Caravan
36:33 Wheelbarrow
35:45 Town Watch
36:43 Pikeman
37:25 Squires
37:11 Gambesons
39:31 Stone Shaft Mining
46:28 Chain Barding Armor
46:24 Chain Mail Armor
46:45 Iron Casting
47:05 Heavy Plow
50:15 Imperial Age
48:50 Elite Skirmisher
50:05 Hand Cart
49:41 Treadmill Crane
50:06 Murder Holes
50:29 Bodkin Arrow
51:21 Town Patrol
52:25 Crop Rotation
52:55 Coinage
53:21 Conscription
52:27 Cranequins
rauni11
4:27 Loom
13:53 Feudal Age
16:12 Gold Mining
19:13 Castle Age
19:19 Castle Age
18:55 Man-at-Arms
20:36 Long Swordsman
28:12 Horse Collar
42:40 Imperial Age
40:45 Gold Mining
40:45 Stone Mining
41:33 Forging
41:23 Scale Mail Armor
41:48 Fletching
43:04 Wheelbarrow
43:11 Gold Shaft Mining
42:40 Two-Handed Swordsman
43:06 Gambesons
43:25 Scale Mail Armor
43:59 Conscription
43:35 Arson
44:55 Heavy Plow
46:12 Hand Cart
45:44 Champion
48:46 Capped Ram
Connection lost

Rejoining the realm…

Still unreachable

The connection could not be restored.

Session expired

The server has moved on; the page needs a fresh start.